 Dungeon Crawl Stone Soup version 0.26-a0-667-g92642533e4 (webtiles) character file.

Game seed: 17228542712421800888

671 jasper the Frost Mage (level 7, 0/33 HPs)
             Began as a Vine Stalker Ice Elementalist on Oct 17, 2020.
             Succumbed to a gnoll sergeant's poison
             ... on level 5 of the Dungeon.
             The game lasted 00:07:40 (4625 turns).

jasper the Frost Mage (VSIE)                        Turns: 4625, Time: 00:07:41

Health: 0/33       AC:  3    Str: 16    XL:     7   Next: 58%
Magic:  7/12       EV: 12    Int: 17    God:
Gold:   204        SH:  0    Dex: 13    Spells: 5/12 levels left

rFire    . . .     SeeInvis .   B - +3 flail (drain)
rCold    . . .     Faith    .   (no shield)
rNeg     . . .     Spirit   +   H - +0 robe (curse)
rPois    .         Reflect  .   d - +1 hat
rElec    .         Harm     .   (no cloak)
rCorr    .         Rampage  .   (no gloves)
MR       .....     Clarity  +   (no boots)
Stlth    ++........             D - amulet of inaccuracy (curse)
HPRegen  0.51/turn              y - +6 ring of strength
MPRegen  0.13/turn              (no ring)

@: brilliant, lethally poisoned (0 -> -16), frozen ramparts, stab
A: fangs 2, clarity, clumsy 1, regeneration 1, magic shield, antimagic bite, no
potion heal 3, rot immunity
a: no special abilities


You were on level 5 of the Dungeon.
You visited 2 branches of the dungeon, and saw 6 of its levels.

You collected 204 gold pieces.

Inventory:

Hand Weapons
 c - a +0 spear
 e - a +0 dagger
 t - a +0 trident
 B - a +3 flail of draining (weapon)
Missiles
 b - 234 stones
 i - 88 bolts
 j - 87 arrows
 r - 6 poisoned darts (quivered)
Armour
 a - a +0 robe
 d - a +1 hat (worn)
 n - a +0 buckler
 H - a cursed +0 robe (worn)
Magical Staves
 s - an uncursed staff of poison
Jewellery
 w - an uncursed amulet of the acrobat
 y - a +6 ring of strength (left hand)
 D - a cursed amulet of inaccuracy (around neck)
 E - an uncursed ring of protection from fire {unknown}
 F - an uncursed ring of fire {unknown}
Wands
 A - a wand of digging (4)
Scrolls
 f - a scroll of enchant weapon {unknown}
 l - a scroll of fear {unknown}
 m - 7 scrolls of identify {unknown}
 p - 2 scrolls of remove curse {unknown}
 u - 5 scrolls of teleportation
 x - a scroll of magic mapping {unknown}
 z - a scroll of blinking {unknown}
 K - a scroll of fog {unknown}
Potions
 g - a potion of might
 h - a potion of flight {unknown}
 k - a potion of brilliance
 o - a potion of stabbing
 q - 2 potions of curing {unknown}
 v - a potion of haste {unknown}
 C - a potion of ambrosia {unknown}
 G - 3 potions of mutation
 I - 2 potions of berserk rage {unknown}
 J - a potion of heal wounds {unknown}


   Skills:
 + Level 1.5 Fighting
 - Level 1.5 Dodging
 - Level 2.4 Stealth
 * Level 2.4 Shields
 + Level 3.0 Spellcasting
 - Level 8.0 Ice Magic


You had 5 spell levels left.
You knew the following spells:

 Your Spells              Type           Power        Failure   Level
a - Freeze                Ice            ####         1%          1
b - Frozen Ramparts       Ice            #####.       1%          3
c - Ozocubu's Armour      Ice            #####...     1%          3

Your spell library contained the following spells:

 Spells                   Type           Power        Failure   Level
 Hailstorm                Conj/Ice       ###.....     32%         4
 Summon Ice Beast         Ice/Summ       ###.....     32%         4


Dungeon Overview and Level Annotations

Branches:
Dungeon (5/15)             Temple (1/1) D:4

Altars:
Ashenzari
Cheibriados
Dithmenos
Elyvilon
Fedhas
Gozag
Hepliaklqana
Makhleb
Nemelex Xobeh
Ru
Sif Muna
Trog
Uskayaw
Vehumet
Xom
Yredelemnul
Zin


Innate Abilities, Weirdness & Mutations

You have extremely sharp teeth.
Your natural rate of healing is unusually fast.
When hurt, damage is shared between your health and your magic reserves.
Your bite disrupts and absorbs the magic of your enemies.
Potions cannot restore your health.
You are immune to rotting.
You possess an exceptional clarity of mind.
You are clumsy. (Dex -2)


Message History

You kill the gnoll!
* * * LOW HITPOINT WARNING * * *
You feel very sick.
You take 3 damage, and have 5/33 hp.
Unknown command.
There is a lethal amount of poison in your body!
There is a lethal amount of poison in your body!
It was a potion of brilliance.
You feel clever all of a sudden.
* * * LOW HITPOINT WARNING * * *
You feel sick.
You take 1 damage, and have 4/33 hp.
It was a potion of stabbing.
You feel ready to backstab.
* * * LOW HITPOINT WARNING * * *
You feel very sick.
You take 3 damage, and have 1/33 hp.
It was a potion of mutation.
You feel extremely strange.
You feel clumsy.
Your thoughts seem clearer.
You die...

#### #.. #)# #@### #)..#
####)# #...)#
##################.#######
........................>#
#..########.###....#####.#
##.# #.# #.####.....# #.##
#.# #...##.#####


There were no monsters in sight!

Vanquished Creatures
  Edmund (D:4)
  A gnoll sergeant (D:5)
  2 scorpions (D:4)
  An orc priest (D:3)
  An orc wizard (D:3)
  A bullfrog skeleton (D:4)
  Natasha (twice) (D:2)
  2 worker ants (D:4)
  A worker ant zombie (D:4)
  6 gnolls
  2 adders (D:2)
  A shadow imp (D:5)
  A white imp (D:5)
  An ufetubus (D:5)
  An adder zombie (D:5)
  5 worms
  2 leopard geckos
  4 orcs
  A ball python (D:2)
  9 giant cockroaches
  4 hobgoblins
  11 jackals
  4 quokkas (D:2)
  4 bats
  5 frilled lizards
  5 goblins
  10 kobolds
  A leopard gecko skeleton (D:4)
  2 rats (D:1)
91 creatures vanquished.

Vanquished Creatures (others)
  Terence (D:2)
  A leopard gecko (D:2)
2 creatures vanquished.

Grand Total: 93 creatures vanquished

Notes
Turn   | Place    | Note
-------+----------+-------------------------------------------
     0 | D:1      | jasper the Vine Stalker Ice Elementalist began the quest
                  | for the Orb.
     0 | D:1      | Reached XP level 1. HP: 9/9 MP: 4/4
   291 | D:1      | Reached XP level 2. HP: 12/13 MP: 1/6
   913 | D:2      | Reached XP level 3. HP: 15/16 MP: 0/7
   918 | D:2      | Noticed Terence
   923 | D:2      | Reached skill level 5 in Ice Magic
  1064 | D:2      | Killed Terence
  1133 | D:2      | Learned a level 3 spell: Frozen Ramparts
  1257 | D:2      | Found a radiant altar of Vehumet.
  1411 | D:2      | Gained mutation: Your natural rate of healing is unusually
                  | fast. [Vine Stalker growth]
  1411 | D:2      | Reached XP level 4. HP: 12/21 MP: 1/8
  1605 | D:2      | Noticed Natasha
  1723 | D:3      | Reached skill level 6 in Ice Magic
  1728 | D:3      | Learned a level 3 spell: Ozocubu's Armour
  1768 | D:3      | Reached XP level 5. HP: 9/24 MP: 0/9
  2372 | D:3      | Found a sparkling altar of Nemelex Xobeh.
  2754 | D:4      | Reached skill level 7 in Ice Magic
  2754 | D:4      | Reached XP level 6. HP: 25/28 MP: 4/10
  2860 | D:4      | Noticed Edmund
  2881 | D:4      | Killed Edmund
  2881 | D:4      | Reached skill level 8 in Ice Magic
  3265 | D:4      | Reached XP level 7. HP: 19/32 MP: 2/11
  3366 | D:4      | Reached skill level 1 in Shields
  3505 | D:4      | Found a glowing silver altar of Zin.
  3505 | D:4      | Noticed an angel
  3579 | D:4      | Found a staircase to the Ecumenical Temple.
  3682 | Temple   | Entered the Ecumenical Temple
  3964 | D:2      | Killed Natasha
  4037 | D:2      | Noticed Natasha
  4041 | D:2      | Killed Natasha
  4041 | D:2      | Reached skill level 1 in Fighting
  4335 | D:5      | Entered Level 5 of the Dungeon
  4624 | D:5      | HP: 1/33 [poisoned by a gnoll sergeant]
  4625 | D:5      | Gained mutation: You are clumsy. (Dex -2) [potion of
                  | mutation]
  4625 | D:5      | Gained mutation: You possess an exceptional clarity of
                  | mind. [potion of mutation]
  4625 | D:5      | Succumbed to a gnoll sergeant's poison

Illustrated notes

Levels and vault maps discovered:
D:1:      dpeg_arrival_stone_temple_mockup, layout_loops_cross,
          supply_closet_lemuel
D:2:      layout_rooms, fiery_altar_vehumet, minmay_tiny_reverse_x,
          uniq_natasha, uniq_terence
D:3:      layout_rooms, nemelex_xobeh_ov_fountains_minmay, portal_sewer_entry_f,
          grunt_decor_mini_mirrors
D:4:      layout_loops_ring, zin_angel, lemuel_temple_firewalk_b, uniq_edmund
D:5:      layout_basic, bh_walls_and_bars
Temple:   minmay_temple_curvy_branch

Skill      XL: |  1  2  3  4  5  6  7 |
---------------+----------------------+-----
Ice Magic      | 5 6 7 8 |  8.0
Shields        | 2 |  2.4
Fighting       | 1 |  1.5
Spellcasting   | 3 |  3.0
Dodging        | |  1.5
Stealth        | |  2.4

Action                   |  1- 3 |  4- 6 |  7- 9 || total
-------------------------+-------+-------+-------++-------
Melee: Spear             |    28 |    14 |       ||    42
       Bite              |     6 |    27 |     7 ||    40
       Trident           |       |    83 |       ||    83
       Flail             |       |    12 |    38 ||    50
Throw: Stone             |    36 |    17 |       ||    53
       Dart              |       |     6 |       ||     6
 Cast: Freeze            |    33 |     5 |       ||    38
       Frozen Ramparts   |     4 |    18 |     6 ||    28
       Ozocubu's Armour  |       |     1 |       ||     1
  Use: Scroll            |     3 |       |       ||     3
       Potion            |     1 |       |     3 ||     4
 Stab: Sleeping          |       |     2 |     1 ||     3
Armor: Robe              |     8 |    23 |    10 ||    41
Dodge: Dodged            |    29 |    65 |    29 ||   123

Table legend: (Time is in decaauts)
 A = Elapsed time spent in this place.
 B = Non-inter-level travel time spent in this place.
 C = Inter-level travel time spent in this place.
 D = Time resting spent in this place.
 E = Time spent auto-exploring this place.
 F = Levels seen in this place.
 G = Mean time per level.
                   A        B        C        D        E       F      G
               +--------+--------+--------+--------+--------+-----+--------+
         Total |   4683 |   4461 |    222 |    415 |   3242 |   6 |  780.5 |
       Dungeon |   4454 |   4236 |    218 |    415 |   3019 |   5 |  890.8 |
        Temple |    228 |    224 |      4 |      0 |    223 |   1 |  228.0 |
               +--------+--------+--------+--------+--------+-----+--------+

Top non-repeatable levels by time:
     D:3: 1208 daAuts
     D:2: 1067 daAuts
     D:4: 988 daAuts
     D:1: 889 daAuts
     D:5: 299 daAuts
  Temple: 228 daAuts
